 Dungeon Crawl Stone Soup version 0.17-a0-1920-gafa4d75 (webtiles) character file.

154 Kuldar the Magician (level 5, -4/29 HPs)
             Began as a Deep Elf Wizard on Sept 27, 2015.
             Slain by an ogre
             ... wielding a +0 giant club
              (33 damage)
             ... on level 4 of the Dungeon.
             The game lasted 00:21:25 (2381 turns).

Kuldar the Magician (Deep Elf Wizard)               Turns: 2381, Time: 00:21:25

Health: -4/29      AC:  2    Str:  4    XL:     5   Next: 13%
Magic:  8/15       EV: 12    Int: 24    God:
Gold:   147        SH:  3    Dex: 13    Spells: 6 memorised, 3 levels left

rFire  . . .     SeeInvis .     u - +0 hand axe
rCold  . . .     Clarity  .     a - +0 robe
rNeg   . . .     SustAt   .     o - +0 buckler
rPois  .         Gourm    .     b - +0 hat
rElec  .         Spirit   .     (no cloak)
rCorr  .         Warding  .     (no gloves)
rMut   .         Stasis   .     (no boots)
MR     .....                    (no amulet)
Stlth  ++........               (no ring)
                                (no ring)

@: not resistant to hostile enchantments, unstealthy
A: no striking features
a: no special abilities


You were on level 4 of the Dungeon.
You were not hungry.

You visited 1 branch of the dungeon, and saw 4 of its levels.

You collected 147 gold pieces.

Inventory:

Hand weapons
 u - a +0 hand axe (weapon)
Missiles
 f - 89 stones (quivered)
 v - 10 poisoned needles
 C - 2 steel tomahawks
Armour
 a - a +0 robe (worn)
 b - a +0 hat (worn)
 o - a +0 buckler (worn)
 s - a +0 pair of gloves
Jewellery
 g - an uncursed amulet of resist corrosion {unknown}
 r - an uncursed ring of sustain attributes {unknown}
 x - an uncursed ring of magical power {unknown}
Magical devices
 t - a wand of frost (0)
Scrolls
 e - 6 scrolls of remove curse {unknown}
 h - 3 scrolls of amnesia {unknown}
 j - a scroll of recharging {unknown}
 l - a scroll of enchant weapon {unknown}
 m - 2 scrolls of noise {unknown}
 n - 2 scrolls of blinking {unknown}
 w - a scroll of magic mapping {unknown}
 y - 3 scrolls of fog {unknown}
 z - 2 scrolls of identify {unknown}
Potions
 i - a potion of degeneration {unknown}
 k - 3 potions of haste {unknown}
 A - a potion of poison {unknown}
 B - 2 potions of curing {unknown}
Books
 c - a book of Minor Magic

   Spells                             Type                      Level
   a - Magic Dart                     Conjuration                  1
   b - Blink                          Translocation                2
   c - Call Imp                       Summoning                    2
   d - Repel Missiles                 Charms/Air                   2
   e - Slow                           Hexes                        2
   f - Conjure Flame                  Conjuration/Fire             3
   g - Mephitic Cloud                 Conjuration/Poison/Air       3
Comestibles
 d - a bread ration
 p - a meat ration
 q - 2 fruits
 D - a slice of pizza


   Skills:
 * Level 1.4 Fighting
 - Level 2.4 Dodging
 - Level 2.4 Stealth
 * Level 0.8 Shields
 - Level 6.1 Spellcasting
 * Level 3.1 Conjurations
 - Level 1.1 Summonings
 - Level 1.1 Translocations


You had 3 spell levels left.
You knew the following spells:

 Your Spells              Type           Power        Failure   Level  Hunger
a - Magic Dart            Conj           ###.         3%          1    None
b - Blink                 Tloc           N/A          12%         2    None
c - Call Imp              Summ           ##......     12%         2    None
d - Repel Missiles        Chrm/Air       #.....       17%         2    None
e - Conjure Flame         Conj/Fire      ##......     21%         3    #......
g - Mephitic Cloud        Conj/Pois/Air  ##......     24%         3    #......


Dungeon Overview and Level Annotations

Branches:
Dungeon (4/15)
 Temple: D:4-7

Altars:
Qazlal
Ru
Xom
Yredelemnul
The Shining One


Message History

Aim: an ogre, wielding a giant club (heavily wounded)
The magic dart hits the ogre.
The ogre is heavily wounded.
Casting: Magic Dart
Confirm with . or Enter, or press ? or * to list all spells.
Aiming: Magic Dart
Press: ? - help, Shift-Dir - straight line, f/p - ogre
Aim: an ogre, wielding a giant club (heavily wounded)
The magic dart hits the ogre.
The ogre is severely wounded.
Casting: Magic Dart
Confirm with . or Enter, or press ? or * to list all spells.
Aiming: Magic Dart
Press: ? - help, Shift-Dir - straight line, f/p - ogre
Aim: an ogre, wielding a giant club (severely wounded)
The magic dart hits the ogre.
The ogre is severely wounded.
The ogre hits you with a giant club!!
Ouch! That really hurt!
You die...

...>..................
..................†....
.......................
.#.##..##.##..##.##...
##.##..##+##+## .# ...
#...>.........# .. ..
#.............# ..
#.............+
###+######@#### #.O...#
.........# ...........+
.....!.......#
..####..##..## . #..#
### ....


You could see an ogre.

Vanquished Creatures
  2 worker ants (D:4)
  4 adders (D:3)
  3 worms
  4 giant geckos
  3 orcs (D:3)
  5 bats (D:2)
  5 giant cockroaches
  4 hobgoblins
  5 jackals
  5 kobolds
  A quokka (D:3)
  4 giant newts
  5 goblins
  4 rats (D:3)
54 creatures vanquished.

Notes
Turn   | Place    | Note
--------------------------------------------------------------
     0 | D:1      | Kuldar the Deep Elf Wizard began the quest for the Orb.
     0 | D:1      | Reached XP level 1. HP: 10/10 MP: 7/7
   330 | D:1      | Reached XP level 2. HP: 13/15 MP: 4/9
   334 | D:1      | Learned a level 2 spell: Blink
   337 | D:1      | Learned a level 2 spell: Call Imp
   607 | D:1      | Reached skill level 5 in Spellcasting
   837 | D:2      | Found a basalt altar of Yredelemnul.
   840 | D:2      | Found a sacrificial altar of Ru.
  1463 | D:2      | Reached XP level 3. HP: 20/20 MP: 3/11
  1469 | D:2      | Learned a level 2 spell: Repel Missiles
  1473 | D:2      | Learned a level 3 spell: Mephitic Cloud
  1538 | D:3      | Found a stormy altar of Qazlal.
  1538 | D:3      | Found a shimmering altar of Xom.
  1539 | D:3      | Found a glowing golden altar of the Shining One.
  1886 | D:3      | Reached XP level 4. HP: 24/24 MP: 6/13
  1891 | D:3      | Learned a level 3 spell: Conjure Flame
  2009 | D:3      | Reached skill level 1 in Fighting
  2301 | D:4      | Reached skill level 6 in Spellcasting
  2313 | D:4      | Reached XP level 5. HP: 29/29 MP: 8/15
  2375 | D:4      | Noticed an ogre
  2381 | D:4      | Slain by an ogre

Vault maps used:
D:1:      dpeg_arrival_pond, st_stairs_12, minmay_misc_feat_secret_circle
D:2:      grunt_temple_overflow_open
D:3:      gammafunk_temple_overflow_forgotten, minmay_cupped
D:4:      uniq_sigmund

Action                   |  1- 3 |  4- 6 || total
-------------------------+-------+-------++-------
Melee: Hand axe          |       |     2 ||     2
Throw: Stone             |     7 |       ||     7
 Cast: Magic Dart        |   123 |    47 ||   170
       Conjure Flame     |       |     1 ||     1
Evoke: Wand              |     6 |     3 ||     9
  Eat: Chunk             |     3 |     1 ||     4
